[Event "German Rapid Championship 2022"]
[Site "Goettingen"]
[Date "2022.09.25"]
[Round "8.8"]
[White "Langrock, Hannes"]
[Black "Woelk, Tom-Frederic"]
[Result "0-1"]
[ECO "D02"]
[WhiteElo "2358"]
[BlackElo "2289"]
[Annotator "TA"]
[PlyCount "90"]
[EventDate "2022.09.24"]
[EventType "swiss"]
[EventCountry "GER"]
[SourceTitle "playchess.com"]
[Source "ChessBase"]
[SourceQuality "1"]
[TimeControl "900+10"]

1. d4 d5 2. Nf3 Nf6 3. g3 c6 4. Bg2 Bf5 5. c4 e6 6. Nc3 Nbd7 7. Qb3 {[%emt 0:00:03] D11: Slav Defence: 3 Nf3 sidelines and 3...Nf6 4 e3 Bg4.} Qb6 8. c5 Qc7 $1 {[%emt 0:00:36][%mdl 4] now scores much better than the old 8...Qxb3.} 9. Bf4 {[%emt 0:01:24] White is slightly better.} Qc8 10. Nh4 Be7 11. O-O O-O 12. Nxf5 exf5 {[%emt 0:00:02] [#]} 13. Bh3 $146 (13. Qc2 $14) ({Predecessor:} 13. Qc2 g6 14. b4 Re8 15. b5 Bd8 16. Rab1 Bc7 17. Bh6 Ng4 18. Bd2 h5 19. Qa4 {0-1 (30) Rosner,J (2433)-Dominguez Perez,L (2758) Chess.com INT 2020}) 13... g6 $11 14. Qc2 Ne4 15. f3 (15. b4 $142) 15... Ng5 $1 16. Bxg5 Bxg5 17. Qd3 {[%emt 0:01:51] Inhibits Be3+.} Re8 ({Black should play} 17... Qe8 $15 18. f4 Bf6) 18. e4 fxe4 19. fxe4 Nxc5 $1 20. Bxc8 Nxd3 21. Bxb7 Rab8 $36 {[%emt 0:00:26][%cal Ba8b8,Bb8b2,Bb2d2,Bd2d5,Bd5c5,Bc5c6,Bc6d6][%mdl 2080] White is under pressure.} 22. Bxc6 Rec8 23. exd5 Be3+ 24. Kg2 (24. Kh1 $11) 24... Rxb2+ $17 25. Kf3 Bxd4 {[%emt 0:00:07] Black has more active pieces.} 26. Ke4 Bxc3 27. Kxd3 Rd2+ 28. Kxc3 Rxd5 29. Rf6 Rc5+ 30. Kd3 {[%emt 0:00:19] Threatens to win with Ba4.} R8xc6 ({Stronger than} 30... R5xc6 31. Rxc6 Rxc6 32. a4 $17) 31. Rxc6 Rxc6 $19 {[%emt 0:00:01][%mdl 4096] Endgame KR-KR} 32. a4 {[%emt 0:00:42] [#]} (32. a3 $17) 32... Kg7 (32... Rb6 $1 $19 {White must now prevent ...Rb2.} 33. Kc3 Kf8) 33. Rb1 $17 Rd6+ 34. Ke3 (34. Kc3 $17) 34... Rb6 $19 35. Ra1 (35. Rc1 $142) 35... Rb3+ 36. Kf4 a5 37. Ra2 Kf6 38. h4 $2 {[%emt 0:00:17] [#]} (38. Ke4) 38... Rb4+ 39. Kf3 Kf5 {[%emt 0:00:42] Prevents g4+.} 40. Ra3 (40. Rc2 $142 Rxa4 41. Rc7 Ra3+ 42. Kf2) 40... h5 {[%emt 0:00:12] Black is clearly winning.} 41. Rc3 Rxa4 42. Rc5+ Kf6 43. Rc6+ Kg7 44. Ra6 Ra3+ 45. Kf4 Ra1 {[%emt 0:00:23] Weighted Error Value: White=0.28 (precise) /Black=0.12 (very precise)} 0-1

[Event "German Rapid Championship 2022"]
[Site "Goettingen"]
[Date "2022.09.25"]
[Round "8.9"]
[White "Spiess, Gunter"]
[Black "Elier, Ali"]
[Result "1/2-1/2"]
[ECO "E06"]
[WhiteElo "2384"]
[BlackElo "2164"]
[Annotator "TA"]
[PlyCount "150"]
[EventDate "2022.09.24"]
[EventType "swiss"]
[EventCountry "GER"]
[SourceTitle "playchess.com"]
[Source "ChessBase"]
[SourceQuality "1"]
[TimeControl "900+10"]

1. d4 d5 2. c4 e6 3. Nf3 Nf6 4. g3 Be7 5. Bg2 O-O 6. O-O dxc4 7. Qc2 a6 8. a4 Bd7 9. Qxc4 Bc6 10. Bg5 Bd5 11. Qc2 Be4 12. Qd2 {[%emt 0:00:02] E05: Open Catalan: 5 Nf3 Be7.} Nc6 {[%emt 0:01:55] [#]} 13. e3 $146 ({Predecessor:} 13. Nc3 Bg6 14. Rfd1 Na5 15. Qf4 Nb3 16. Ra2 c6 17. Bxf6 Bxf6 18. Ne5 Bc2 19. Rf1 Nxd4 20. b4 Bg5 21. Qg4 Bf5 22. Qh5 g6 {0-1 (22) Tokman,A (2316)-Sychev,K (2572) Chess.com INT 2020}) 13... Bb4 14. Nc3 Bxc3 15. bxc3 Qd5 16. Bxf6 (16. c4 $1 $11 Qf5 17. Bf4) 16... Bxf3 $15 (16... gxf6 17. Qd1 $14) 17. c4 Qf5 $36 {[%emt 0:00:28][%mdl 2048] White is under pressure.} 18. Bxf3 Qxf3 19. Bg5 (19. d5 $11) 19... f6 $19 20. Bf4 e5 21. dxe5 Rad8 (21... fxe5 22. Qd5+ Qxd5 23. cxd5 $11) 22. Qb2 {[%emt 0:00:17] Strongly threatening exf6.} g5 (22... fxe5 23. Bxe5 Nxe5 24. Qxe5 $15) 23. exf6 gxf4 24. Rae1 b6 25. exf4 Nd4 26. Re3 Qc6 27. f3 Rxf6 (27... Qxf6 $2 28. Qb1 $19) 28. Kg2 Qxc4 {[%emt 0:01:12][%cal Od4c2] ...Nc2! is the strong threat.} 29. Rc1 {[%emt 0:01:36] Inhibits Nc2.} Qf7 ({Wrong is} 29... Qxa4 $2 30. Rxc7 Rc6 31. Rxc6 Qxc6 32. Rc3 $19) 30. a5 bxa5 31. Rc5 Nf5 32. Re2 a4 (32... Re6 $19 {Threatens to win with ...Ne3+.} 33. Rce5 Rb6) 33. Rxc7 $17 Nh4+ (33... Qxc7 $17 34. Qxf6 Rf8 35. Qe6+ Kh8 36. Qxa6 Qd7) 34. Kh3 $15 Qxc7 (34... Qg6 $1 $15 35. Ree7 Nf5 36. Qa2+ Kh8 37. Rxh7+ Qxh7+ 38. Rxh7+ Kxh7) 35. Qxf6 $11 Ng6 {[%emt 0:00:10] And now ...Qd7+ would win.} (35... Nxf3 $2 36. Re7 Ng1+ 37. Kg4 Qd7+ 38. Rxd7 Rxd7 39. Qe6+ Rf7 40. Qe8+ Kg7 41. Qxa4 $18) 36. f5 Qd7 {[%emt 0:00:14] aiming for ...a5.} 37. Qg5 $2 (37. Qe6+ $11 {and White stays safe.} Qxe6 38. Rxe6) 37... Rf8 (37... a3 $1 $19 {and Black stays clearly on top. White must now prevent ...Rf8.} 38. g4 Qd5) 38. g4 $17 Qd8 39. Qe3 Nh8 40. Qe6+ ({Better is} 40. Rd2 Qf6 41. Ra2) 40... Nf7 41. Qxa6 $2 (41. f4 $17) 41... Qd1 42. Rf2 (42. Kg2 {might work better.}) 42... Rd8 43. Kg2 Rd2 (43... Rd6 $19 44. Qc8+ Kg7) 44. f6 (44. Qc8+ $17 Kg7 45. Qc3+ Rd4 46. Rb2) 44... Rxf2+ $19 45. Kxf2 {[%emt 0:00:01] [#]} Qc2+ $2 (45... Qd2+ $1 $19 46. Kf1 Qd5) 46. Kg3 $11 Qc7+ 47. Kg2 Qc2+ 48. Kg3 {[%emt 0:00:01] White threatens Qa8+ and mate.} Qd1 ({Much weaker is} 48... Qc7+ $6 49. Kg2 $17) 49. Qa8+ Nd8 {[%emt 0:00:03] Hoping for ...Kf7.} 50. g5 Qg1+ 51. Kh3 Qf1+ 52. Kg3 Qe1+ 53. Kg2 Qe2+ 54. Kh3 Qe6+ 55. Kg2 Qe2+ 56. Kh3 $1 Qd3 57. Qxa4 Qxf3+ 58. Kh4 Qf2+ 59. Kg4 {[%emt 0:00:07] [#]} (59. Kh3 $1 $11 Ne6 60. Qe8+ Nf8 61. Qe4) 59... Qg2+ $1 $17 60. Kf5 Qd5+ (60... Qf3+ $17 61. Qf4 Qd3+ 62. Kg4 Ne6) 61. Kg4 $11 Qg2+ (61... Qe6+ $11 62. Kh4 Kh8) 62. Kf5 $1 $17 Qh3+ 63. Qg4 Qd3+ (63... Qxh2 $17 64. Qc4+ Kh8) 64. Qe4 $11 {[%emt 0:00:02] The position is equal.} Qd7+ ({Reject} 64... Qh3+ $6 65. Qg4 Qxh2 66. Qc4+ Kh8 67. Qd5 Qh3+ 68. Kf4 Ne6+ 69. Ke5 Qe3+ 70. Kf5 $17) 65. Kf4 Ne6+ 66. Kg4 Nc5+ 67. Qf5 Qd4+ 68. Qf4 Qd7+ 69. Qf5 Ne6 70. g6 h5+ 71. Kh4 Qd4+ 72. Kxh5 Qd1+ 73. Qg4 Nf4+ 74. Kg5 {[%emt 0:00:05] Qc8+ would kill now. The board is on fire.} Qxg4+ 75. Kxg4 Nxg6 {[%emt 0:00:01] And White is the lucky defender.  Weighted Error Value: White=0.30/Black=0.25 (precise)} 1/2-1/2

[Event "German Rapid Championship 2022"]
[Site "Goettingen"]
[Date "2022.09.25"]
[Round "8.10"]
[White "Langheinrich, Ferenc"]
[Black "Becker, Thomas"]
[Result "1-0"]
[ECO "C41"]
[WhiteElo "2366"]
[BlackElo "2124"]
[Annotator "TA"]
[PlyCount "30"]
[EventDate "2022.09.24"]
[EventType "swiss"]
[EventCountry "GER"]
[SourceTitle "playchess.com"]
[Source "ChessBase"]
[SourceQuality "1"]
[TimeControl "900+10"]

1. e4 e5 2. Nf3 d6 3. d4 exd4 4. Qxd4 Nc6 5. Bb5 Bd7 6. Bxc6 Bxc6 7. Nc3 Nf6 8. Bg5 Be7 9. O-O-O O-O 10. Rhe1 Re8 11. h3 Nxe4 $2 {[%emt 0:03:12][%mdl 8192] C62: Ruy Lopez: Steinitz Defence.} 12. Bxe7 $18 Qxe7 {[%emt 0:00:08] [#]} 13. Nxe4 $1 Bxe4 {[%emt 0:00:02] [#]} 14. Nd2 $1 {[%emt 0:00:03] [#]} Qg5 $146 (14... f5 $142) ({Predecessor:} 14... Qe6 15. Qxe4 Qxe4 16. Rxe4 Rxe4 17. Nxe4 Re8 18. Re1 Kf8 19. Kd2 h6 20. Nc3 Rxe1 21. Kxe1 {1-0 (26) Alvarez Naves,L-Fernandez Lamadrid,J Valladolid 1974}) 15. Rxe4 Qd8 {[%emt 0:00:00] Black got outplayed after the opening.  Weighted Error Value: White=0.03 (flawless) /Black=1.84} 1-0

[Event "German Rapid Championship 2022"]
[Site "Goettingen"]
[Date "2022.09.25"]
[Round "8.11"]
[White "Carlstedt, Jonathan"]
[Black "Stelmaszyk, Nico"]
[Result "1-0"]
[ECO "D25"]
[WhiteElo "2433"]
[BlackElo "2355"]
[Annotator "TA"]
[PlyCount "43"]
[EventDate "2022.09.24"]
[EventType "swiss"]
[EventCountry "GER"]
[SourceTitle "playchess.com"]
[Source "ChessBase"]
[SourceQuality "1"]
[TimeControl "900+10"]

1. d4 d5 2. Nf3 Nf6 3. c4 dxc4 4. e3 a6 5. a4 e6 6. Bxc4 c5 7. Nc3 Nc6 8. O-O Qc7 9. Be2 {[%emt 0:00:23] [#] D27: Queen's Gambit Accepted: Classical main line: 7 e4!? and 7 a4.} cxd4 $146 ({Predecessor:} 9... Bd6 10. h3 O-O 11. dxc5 Bxc5 12. Qc2 e5 13. Ng5 Nb4 14. Qb1 Qe7 15. Bd2 h6 16. Nge4 Bf5 {½-½ (32) Zavjalov,V-Volodarsky,Y Novokuznetsk 1996}) 10. exd4 Bd6 11. Be3 {[%emt 0:00:10] The position is equal.} O-O 12. Rc1 Qa5 13. Nd2 Ne7 14. Nc4 Qd8 15. Bg5 Nf5 16. Bd3 Nxd4 $2 ({Black should play} 16... h6 $14 17. Bxf6 (17. Nxd6 hxg5 18. Nxf5 exf5 $11) 17... Qxf6) 17. Bxf6 $18 gxf6 {[%emt 0:00:04] [#]} (17... Bxh2+ {was called for.} 18. Kxh2 Qxf6) 18. Qg4+ $1 ({Less strong is} 18. Qh5 f5 $16) 18... Kh8 {[%emt 0:00:04] [#] This costs Black the game.} 19. Qh4 $1 Nf3+ $2 (19... Bxh2+ 20. Kh1 f5 21. Qxh2 Nc6) 20. gxf3 Bxh2+ 21. Kxh2 Qd4 22. Qxh7# {Weighted Error Value: White=0.05 (flawless) /Black=1.03} 1-0

[Event "German Rapid Championship 2022"]
[Site "Goettingen"]
[Date "2022.09.25"]
[Round "8.12"]
[White "Reichmann, Hendrik"]
[Black "Albert, Markus"]
[Result "1/2-1/2"]
[ECO "A41"]
[WhiteElo "2307"]
[BlackElo "2129"]
[Annotator "TA"]
[PlyCount "79"]
[EventDate "2022.09.24"]
[EventType "swiss"]
[EventCountry "GER"]
[SourceTitle "playchess.com"]
[Source "ChessBase"]
[SourceQuality "1"]
[TimeControl "900+10"]

1. d4 d6 2. Nf3 Bg4 3. Nbd2 Nd7 4. h3 Bh5 5. c3 e5 6. Qb3 {[%emt 0:00:20] [#] A41: 1 d4 d6: Tartakower System and Modern Defence.} exd4 $146 ({Predecessor:} 6... Rb8 7. e3 Ngf6 8. Be2 h6 9. Qd1 e4 10. Ng1 Bxe2 11. Nxe2 d5 12. c4 c6 {½-½ (21) Campbell,I (1996)-Kirkwood,R (1911) Vale 2015}) 7. cxd4 Rb8 8. g3 {[%emt 0:00:43] White is slightly better.} Ngf6 9. Bg2 Be7 10. O-O O-O 11. e4 (11. g4 $5 Bg6 12. Nh4 $11) 11... c6 (11... c5 $11) 12. Re1 Bg6 {[%emt 0:00:11] [#]} (12... Ne8 $14) 13. Nh4 $1 $16 d5 14. Nxg6 hxg6 15. exd5 cxd5 16. Nf3 {[%emt 0:00:34] Strongly threatening Bf4.} Nb6 17. a4 Nc4 18. Ne5 Na5 19. Qd3 Re8 20. Bd2 {[%emt 0:00:31] White has more active pieces.} Nc6 21. Bc3 Bd6 22. g4 Bxe5 (22... Bb4 $14) 23. dxe5 d4 24. exf6 dxc3 25. Rxe8+ ({Resist} 25. Qxc3 Rxe1+ 26. Rxe1 gxf6 $11) 25... Qxe8 26. Qxc3 Qe5 27. fxg7 Nd4 28. Kh1 b6 29. Re1 Qxg7 (29... Qf6 $16) 30. Qc7 Rf8 31. Be4 (31. Bd5 $16) 31... Qf6 32. Kg2 ({Avoid the trap} 32. Qxa7 $2 Qxf2 33. Rd1 {[#]} Qg3 $1 34. Rxd4 Qxh3+ 35. Kg1 Qe3+ 36. Kg2 Qxd4 $19) 32... Re8 {[%emt 0:00:12][%cal Oe8e4] aiming for ...Rxe4!} (32... Ne6 $5 33. Qc3 (33. Qxa7 $2 Nf4+ 34. Kg3 Qe5 $19) 33... Nf4+ 34. Kh2 Qd6 $14) 33. Qc3 Kg7 (33... Qd6 $14) 34. f3 ({Better is} 34. h4 $16) 34... Rd8 35. Rd1 Qe5 36. Re1 (36. h4 $16) 36... Re8 (36... Qf6 $11 {keeps the balance.}) 37. Rd1 Rd8 38. Re1 {[%emt 0:00:18][%cal Oe4g6] Threatens to win with Bxg6!} Re8 39. Rd1 Rd8 40. Re1 {[%emt 0:00:20] Weighted Error Value: White=0.33/Black=0.24 (precise)} (40. h4 $16) 1/2-1/2

[Event "German Rapid Championship 2022"]
[Site "Goettingen"]
[Date "2022.09.25"]
[Round "8.13"]
[White "Kersten, Uwe"]
[Black "Schmidt, Tobias"]
[Result "0-1"]
[ECO "C01"]
[WhiteElo "2261"]
[BlackElo "2262"]
[Annotator "TA"]
[PlyCount "71"]
[EventDate "2022.09.24"]
[EventType "swiss"]
[EventCountry "GER"]
[SourceTitle "playchess.com"]
[Source "ChessBase"]
[SourceQuality "1"]
[TimeControl "900+10"]

1. e4 e6 2. d4 d5 3. exd5 exd5 4. Nf3 Nc6 5. Bb5 Bd6 6. O-O Nge7 7. c4 dxc4 {[%emt 0:00:41] C01: French: Exchange Variation.} 8. Nc3 O-O 9. Bxc4 Bg4 {[%emt 0:00:13] The position is equal.} 10. Be3 Qd7 {[%emt 0:02:17] [#]} 11. Ne4 $146 ({Predecessor:} 11. h3 Bh5 12. Be2 Rad8 13. Qb3 Qc8 14. Ne4 a6 15. Nc5 Na5 16. Qa4 Nac6 17. Qb3 {½-½ (37) Stetsko,L (2164)-Makka,I (2076) Stary Smokovec 2018}) 11... Rad8 12. Rc1 a6 13. a3 Nf5 14. h3 Bxf3 15. Qxf3 Nfxd4 16. Qh5 Qf5 (16... Be7 $15) 17. Qxf5 $14 Nxf5 18. Bg5 {[%emt 0:00:01] This bishop pair is nice.} (18. Nxd6 $16 cxd6 19. Bxa6 $1) 18... Be7 19. Bxe7 Ncxe7 20. Nc5 Nd6 21. Be2 Nc6 22. Rfd1 {[%emt 0:00:35][%cal Oc5b7] Against Nd4} ({Much weaker is} 22. Nxb7 Nd4 23. Bxa6 Nxb7 24. Bxb7 Ne2+ 25. Kh2 Nxc1 26. Rxc1 Rd7 $15) 22... Ne5 23. f4 Nd7 {[%emt 0:00:08] [#]} (23... Ng6 $11 {remains equal.}) 24. Nb3 ({Better is} 24. Nxb7 $1 $16 Nxb7 25. Rxc7) 24... Nf6 25. Bf3 (25. Rxc7 $14 Nfe4 26. Nc5) 25... c6 26. Nc5 b6 27. Nxa6 c5 28. Nc7 Nf5 29. Nb5 Ne3 30. Re1 Rd3 31. Re2 g6 32. Rce1 (32. Rc3 $11 {is superior.} Rd1+ 33. Kf2) 32... Ned5 $15 33. Re5 (33. f5 $15) 33... Nxf4 $17 34. Kf2 $2 (34. R5e3 $17) 34... Ne6 $2 (34... Rb3 $19 {has better winning chances.} 35. Kg3 N6h5+ 36. Kh2 Rxb5) 35. R1e2 Rfd8 36. Na7 $2 {Weighted Error Value: White=0.29 (precise) /Black=0.31} (36. Rc2 $17) 0-1

[Event "German Rapid Championship 2022"]
[Site "Goettingen"]
[Date "2022.09.25"]
[Round "9.1"]
[White "Feuerstack, Aljoscha"]
[Black "Bluebaum, Matthias"]
[Result "1/2-1/2"]
[ECO "C07"]
[WhiteElo "2464"]
[BlackElo "2647"]
[Annotator "TA"]
[PlyCount "40"]
[EventDate "2022.09.24"]
[EventType "swiss"]
[EventCountry "GER"]
[SourceTitle "playchess.com"]
[Source "ChessBase"]
[SourceQuality "1"]
[TimeControl "900+10"]

1. e4 e6 2. d4 d5 3. Nd2 c5 4. Ngf3 cxd4 5. exd5 Qxd5 6. Bc4 Qd6 7. O-O Nf6 8. Nb3 Nc6 9. Nbxd4 Nxd4 10. Nxd4 Be7 11. c3 {[%emt 0:00:21] [#]} {Predecessor:} O-O $146 {C07: French Tarrasch: 3...c5, 4 Ngf3 and 4 exd5 Qxd5.} 12. Qf3 Qc7 13. Bd3 Bd7 14. Re1 Rfd8 15. Bg5 Be8 16. Rad1 h6 17. Bf4 Qb6 18. Rd2 Rac8 19. Rde2 Bc5 20. Be5 Be7 {0-1 (82) Harikrishna,P (2716)-Salem,A (2690) Chess.com INT 2022} 1/2-1/2

[Event "German Rapid Championship 2022"]
[Site "Goettingen"]
[Date "2022.09.25"]
[Round "9.2"]
[White "Fridman, Daniel"]
[Black "Svane, Rasmus"]
[Result "1/2-1/2"]
[ECO "D02"]
[WhiteElo "2607"]
[BlackElo "2615"]
[Annotator "TA"]
[PlyCount "38"]
[EventDate "2022.09.24"]
[EventType "swiss"]
[EventCountry "GER"]
[SourceTitle "playchess.com"]
[Source "ChessBase"]
[SourceQuality "1"]
[TimeControl "900+10"]

1. Nf3 d5 2. d4 Nf6 3. Bf4 e6 4. e3 Bd6 5. Bxd6 Qxd6 6. Nbd2 {[%emt 0:00:04] The position is equal.} O-O {[%emt 0:00:08] D02: 1 d4 d5 2 Nf3 sidelines, including 2...Nf6 3 g3 and 2...Nf6 3 Bf4.} 7. Bd3 c5 8. c3 {[%emt 0:00:02] [#] Not much happened in this game.} {Predecessor:} Nc6 $146 9. O-O e5 10. dxe5 Nxe5 11. Nxe5 Qxe5 12. Qa4 Bd7 13. Qh4 Rfe8 14. Rfe1 Bc6 15. Rad1 a5 16. a4 Rad8 17. Bb5 Bxb5 18. axb5 b6 19. h3 Rd6 {½-½ (38) Zhao,Y (2430)-Inarkiev,E (2692) China 2019} 1/2-1/2

[Event "German Rapid Championship 2022"]
[Site "Goettingen"]
[Date "2022.09.25"]
[Round "9.3"]
[White "Krastev, Alexander"]
[Black "Poetsch, Hagen"]
[Result "1-0"]
[ECO "B94"]
[WhiteElo "2431"]
[BlackElo "2491"]
[Annotator "TA"]
[PlyCount "57"]
[EventDate "2022.09.24"]
[EventType "swiss"]
[EventCountry "GER"]
[SourceTitle "playchess.com"]
[Source "ChessBase"]
[SourceQuality "1"]
[TimeControl "900+10"]

1. e4 c5 2. Nc3 d6 3. Nge2 Nf6 4. d4 cxd4 5. Nxd4 a6 6. Bg5 Nbd7 7. a4 {[%emt 0:00:02] 7.Qe2 is the modern continuation.} h6 {[%emt 0:00:11] B94: Sicilian Najdorf: 6 Bg5 Nbd7.} 8. Be3 g6 9. f3 Bg7 {[%emt 0:00:13] White is slightly better.} 10. Qd2 {[%emt 0:00:08] [#]} Qc7 $146 (10... b6 $14) ({Predecessor:} 10... Ne5 11. Be2 Bd7 12. O-O Rc8 13. Nb3 Be6 14. Rfd1 Nc4 15. Bxc4 Bxc4 16. a5 h5 {1-0 (38) Klimkowski,J (2322)-Bartel,M (2626) Warsaw 2021}) 11. a5 $16 b6 12. axb6 Nxb6 13. Be2 Bb7 14. O-O O-O (14... Nfd7 $14) 15. Nb3 ({White should play} 15. Bxh6 $16 Bxh6 16. Qxh6) 15... Kh7 16. Na5 Rfd8 17. Na4 Nxa4 18. Rxa4 d5 {[%emt 0:00:47][%cal Rd5e4] Against Rc4} 19. e5 Nd7 20. Bxh6 {[%emt 0:01:14][%cal Oe5e6] [#] e6! is the strong threat.} Bxh6 $4 {[%emt 0:01:24][%mdl 8192] Black cannot hold the game after this.} (20... Nxe5 $16 21. Rh4 Rh8) 21. Rh4 $18 {[%emt 0:00:02] Active counter play!} Qb6+ 22. Kh1 g5 23. Qxg5 {[%emt 0:00:01] Bd3+ would kill now.} Nc5 24. Nxb7 Rg8 25. Qf5+ Kg7 26. Nxc5 {[%emt 0:00:41][%cal Oe5e6] [#] Threatening mate with e6!} Qxc5 27. Bd3 (27. Rg4+ $142 Kf8 28. e6 Rg7 29. Rxg7 Kxg7 30. Qxf7+ Kh8 31. Bd3 Bg7 32. Qh5+ Kg8 33. Bh7+ Kh8 34. Bg6+ Kg8 35. Qh7+ Kf8 36. Bf7 Qg1+ 37. Rxg1 Bxb2 38. Qg8#) 27... Rh8 28. e6 Raf8 29. Rg4+ {[%emt 0:00:06] Weighted Error Value: White=0.14 (very precise) /Black=1.13} 1-0

[Event "German Rapid Championship 2022"]
[Site "Goettingen"]
[Date "2022.09.25"]
[Round "9.4"]
[White "Woelk, Tom-Frederic"]
[Black "Lubbe, Nikolas"]
[Result "1/2-1/2"]
[ECO "B60"]
[WhiteElo "2289"]
[BlackElo "2479"]
[Annotator "TA"]
[PlyCount "113"]
[EventDate "2022.09.24"]
[EventType "swiss"]
[EventCountry "GER"]
[SourceTitle "playchess.com"]
[Source "ChessBase"]
[SourceQuality "1"]
[TimeControl "900+10"]

1. e4 c5 2. Nf3 Nc6 3. d4 cxd4 4. Nxd4 Nf6 5. Nc3 d6 6. Bg5 Qb6 7. Nb3 e6 8. Qd2 Be7 9. O-O-O O-O 10. f3 Rd8 11. Be3 Qc7 12. Qf2 d5 13. exd5 Nxd5 14. Nxd5 exd5 15. Kb1 {[%emt 0:00:17] B63: Sicilian: Richter-Rauzer: 7...Be7 and unusual Black 7th moves.} Bf6 16. Bb5 {[%emt 0:02:08] [#]} Be6 $146 ({Predecessor:} 16... Bf5 17. Bxc6 Qxc6 18. Nd4 Bxd4 19. Bxd4 h6 20. g4 Bh7 21. Rhe1 Rac8 22. Bc3 Qb6 23. Qxb6 axb6 {½-½ (42) Kollars,D (2470)-Hakobyan,A (2348) Kirishi 2016}) 17. Nd4 {[%emt 0:01:02] White is slightly better.} Ne5 (17... Bd7 $11) 18. Rhe1 Qa5 19. Nxe6 fxe6 20. Bd4 Qxb5 21. Bxe5 Bxe5 22. Rxe5 Rd6 23. Rde1 Rb6 24. Qd4 {[%emt 0:00:01] Active counter play!} Rf8 25. b3 Rf6 26. f4 Kf7 (26... Qb4 $14 27. Qxb4 Rxb4) 27. g4 (27. Qe3 $16) 27... Qb4 $1 $11 28. Qxb4 Rxb4 {[%emt 0:00:00][%mdl 4096] Endgame KRR-KRR} 29. f5 $132 {[%emt 0:00:01][%cal Rf5e6][%mdl 2048] White puts up resistance} Rxg4 30. fxe6+ Ke7 31. Rxd5 {[%emt 0:00:13] White threatens Rd7+ and mate.} Rxe6 32. Red1 Kf6 33. Rd7 Re7 $1 34. R7d2 h5 35. Rf2+ {[%emt 0:00:10] [#]} (35. a4 $11) 35... Kg5 $1 $17 36. c4 Kh4 37. Kb2 ({Better is} 37. Rd3 $15) 37... g5 ({Black should try} 37... Rge4 $19 38. Rdd2 g5) 38. c5 Rge4 39. Rdd2 g4 40. Rc2 (40. Kc3 $142) 40... Kh3 $19 41. Rc3+ $2 {[%emt 0:00:36] [#]} (41. a4) 41... Re3 $1 {[%emt 0:00:38] White must now prevent ...Rxc3.} 42. b4 $2 (42. Rcc2) 42... h4 43. Re2 (43. Rcc2 $142 Rf3 44. Rfd2) 43... Rxc3 44. Rxe7 {[%emt 0:00:01] KR-KR} Rc4 45. Kb3 Rc1 46. Rh7 a5 $2 ({Stronger than} 46... Kxh2 47. Rxh4+ Kg3 48. Rh7 $11) (46... b6 $19 47. a4 bxc5) 47. a3 $1 $11 (47. Kb2 Rc4 48. a3 axb4 49. axb4 Rxb4+ 50. Kc3 Rb1 $19) 47... axb4 48. axb4 Rb1+ 49. Kc4 Rb2 (49... Kxh2 $2 50. Rxh4+ Kg3 51. Rh7 $18) 50. Rxb7 {[%emt 0:00:12] Hoping for Kc3.} Kxh2 {[%emt 0:00:03] ( -> ...g3)} 51. Rh7 $2 (51. Kc3 $11 Rb1 52. Kc2) 51... h3 {[%emt 0:00:05] Black mates.} 52. c6 Rc2+ 53. Kd5 g3 54. b5 g2 55. Rg7 g1=Q 56. Rxg1 Kxg1 57. Kd4 {[%mdl 32768] Weighted Error Value: White=0.48/Black=0.28 (precise) . An unexpected result.} 1/2-1/2

[Event "German Rapid Championship 2022"]
[Site "Goettingen"]
[Date "2022.09.25"]
[Round "9.5"]
[White "Heider, Martin"]
[Black "Kopylov, Michael"]
[Result "0-1"]
[ECO "A06"]
[WhiteElo "2393"]
[BlackElo "2371"]
[Annotator "TA"]
[PlyCount "52"]
[EventDate "2022.09.24"]
[EventType "swiss"]
[EventCountry "GER"]
[SourceTitle "playchess.com"]
[Source "ChessBase"]
[SourceQuality "1"]
[TimeControl "900+10"]

1. Nf3 d5 2. e3 Nf6 3. c4 g6 4. cxd5 Nxd5 5. e4 Nb6 6. a4 {[%emt 0:00:06] A06: Réti Opening: 1 Nf3 d5.} a5 7. d4 Bg7 8. Nc3 {[%emt 0:00:24] The position is equal.} O-O {[%emt 0:01:17] [#]} 9. h3 $146 ({Predecessor:} 9. Be3 Bg4 10. Be2 Nc6 11. Nb5 Bxf3 12. gxf3 e6 13. Rc1 Rc8 14. Rxc6 bxc6 15. Na7 {0-1 (24) Garnett,J (2059)-Anderson,J (2248) Torquay 2009}) 9... Nc6 10. Be3 f5 11. exf5 Bxf5 12. Be2 e5 13. Qb3+ Kh8 14. dxe5 Nxe5 15. Rd1 (15. Nxe5 $11 Bxe5 16. O-O) 15... Nxf3+ $15 16. Bxf3 Qh4 {[%emt 0:00:03] ...Qb4 is the strong threat.} 17. Bxb6 (17. Bxb7 $2 Rab8 18. Bd5 c6 19. Bxb6 (19. Bxc6 $2 Nc4 $19) 19... cxd5 $19) ({Better is} 17. O-O $15) 17... Rae8+ $17 18. Ne2 (18. Be2 $17 {was necessary.} cxb6 19. O-O) 18... cxb6 (18... Be6 $1 $19 19. Qc2 Qb4+ 20. Qd2 Qxb6) 19. O-O $15 Be6 20. Qxb6 Bc4 {[%emt 0:00:08] And now ...Rxf3 would win. A strong pair of Bishops.} 21. Rfe1 $1 {[%emt 0:01:06] [#]} Re6 {[%emt 0:02:39] Black is more active.} (21... Rxf3 $1 $15 22. gxf3 Bxe2 23. Rxe2 Rxe2 24. Qd8+ (24. Rd8+ $2 Bf8 $19) 24... Qxd8 25. Rxd8+ {[#]} Bf8 $1 26. Rxf8+ Kg7) 22. Qa7 $2 (22. Rd6 $1 $11 {and White stays safe.} Ree8 23. b3 Rxf3 24. gxf3 (24. bxc4 Rf7 $17) 24... Bxe2 25. Rxe2 Qg5+ 26. Kf1 Qc1+ 27. Kg2 Qg5+ 28. Kh1 Qc1+ 29. Kg2 Qg5+ 30. Kh1 Qc1+ 31. Kg2) 22... Rfe8 $2 ({Black should play} 22... Qe7 $19 23. Rd2 Re8) 23. Qxa5 $11 {[%emt 0:00:12] Hoping for Ng3.} Qe7 $1 $36 {[%emt 0:01:05][%cal Rc4e2][%mdl 2048] Black is pushing.} ({Don't play} 23... Bxe2 24. Rxe2 Rxe2 25. Bxe2 $16) (23... Rxe2 $2 24. Bxe2 Bg8 25. Bg4 $18) (23... Bxb2 $2 24. Qb4 $18) 24. Rd2 (24. Qd2 $11) 24... b6 $19 {[%emt 0:00:29] Black is clearly winning.} 25. Qa8 Rxa8 26. Bxa8 Bxe2 {[%emt 0:00:22] Weighted Error Value: White=0.65/Black=0.24 (precise)} 0-1